TOP OF THE 1ST |
Los Angeles Dodgers batting - Pitching for California Angels : RHP Franz Holzknecht
|
Pitching: RHP Franz Holzknecht
|
|
Batting: LHB Chris Ringwood
|
0-0: Ball 1-0: Called Strike 1-1: Ball 2-1: Ball 3-1: Called Strike 3-2: Strikes out swinging
|
Batting: RHB Tsutomu Irie
|
0-0: Ball 1-0: Ball 2-0: Ball 3-0: Called Strike 3-1: Swinging Strike 3-2: Foul Ball, location: 2F 3-2: Base on Balls
|
Batting: LHB Bob Branham
|
0-0: Ball 1-0: Fly out, F7 (Flyball, 78S, EV 73.1 MPH)
|
Batting: RHB Clay Buchanan
|
0-0: Foul Ball, location: 2F 0-1: Swinging Strike 0-2: Strikes out swinging
|
Top of the 1st over - 0 runs, 0 hits, 0 errors, 1 left on base; Los Angeles 0 - California 0 |
BOTTOM OF THE 1ST |
California Angels batting - Pitching for Los Angeles Dodgers : RHP Adrian Serratos
|
Pitching: RHP Adrian Serratos
|
|
Batting: LHB Javier Trujillo
|
0-0: Ball 1-0: Swinging Strike 1-1: Foul Ball, location: 2F 1-2: DOUBLE (Flyball, 8LXD, EV 99.4 MPH)
|
Batting: RHB Alain Delhaye
|
0-0: Ball 1-0: Ball 2-0: Ball 3-0: Fly out, F9 (Flyball, 9, EV 89.4 MPH)
|
Batting: LHB Josh Cook
|
0-0: Ground out 6-3 (Groundball, 6M, EV 83.1 MPH) Javier Trujillo to third
|
Batting: RHB Preston Deakyne
|
0-0: Called Strike 0-1: Swinging Strike 0-2: Strikes out swinging
|
Bottom of the 1st over - 0 runs, 1 hit, 0 errors, 1 left on base; Los Angeles 0 - California 0 |
TOP OF THE 2ND |
Los Angeles Dodgers batting - Pitching for California Angels : RHP Franz Holzknecht
|
Batting: LHB Ryan Taylor
|
0-0: Foul Ball, location: 2F 0-1: Ball 1-1: Called Strike 1-2: DOUBLE (Line Drive, 7LM, EV 109.4 MPH)
|
Batting: RHB Ben Mischnick
|
0-0: Foul Ball, location: 2F 0-1: Foul Ball, location: 2F 0-2: Foul Ball, location: 2F 0-2: Ball 1-2: Strikes out swinging
|
Batting: LHB Dalton Silveira
|
0-0: Ball 1-0: Ball 2-0: Fly out, F7 (Flyball, 78S, EV 88.1 MPH)
|
Batting: RHB Edwin Soto
|
0-0: Ball 1-0: Ball 2-0: Called Strike 2-1: Ground out 5-3 (Groundball, 56, EV 102.5 MPH)
|
Top of the 2nd over - 0 runs, 1 hit, 0 errors, 1 left on base; Los Angeles 0 - California 0 |
BOTTOM OF THE 2ND |
California Angels batting - Pitching for Los Angeles Dodgers : RHP Adrian Serratos
|
Batting: RHB Dietmar Warmisch
|
0-0: Swinging Strike 0-1: Ball 1-1: SINGLE (Groundball, 56, EV 98.1 MPH)
|
Batting: SHB Aldo Questi
|
0-0: Called Strike 0-1: Ball 1-1: Foul Ball, location: 2F 1-2: DOUBLE (Line Drive, 89XD, EV 102.5 MPH) Dietmar Warmisch to third
|
Batting: LHB Jack Bell
|
0-0: Ball 1-0: Called Strike 1-1: Foul Ball, location: 2F 1-2: Strikes out looking
|
Batting: RHB Nick Dunn
|
0-0: Ball 1-0: Ball 2-0: Ground out 6-3 (Groundball, 6, EV 86.9 MPH) Dietmar Warmisch scores Aldo Questi to third
|
Batting: RHB Danny Odom
|
0-0: Ball 1-0: Ground out 6-3 (Groundball, 6S, EV 66.2 MPH)
|
Bottom of the 2nd over - 1 run, 2 hits, 0 errors, 1 left on base; Los Angeles 0 - California 1 |
TOP OF THE 3RD |
Los Angeles Dodgers batting - Pitching for California Angels : RHP Franz Holzknecht
|
Batting: RHB Isaiah Yarbrough
|
0-0: Called Strike 0-1: Fly out, F7 (Flyball, 7LM, EV 93.1 MPH)
|
Batting: LHB Chris Ringwood
|
0-0: Ball 1-0: Ball 2-0: Ball 3-0: Called Strike 3-1: Foul Ball, location: 2F 3-2: Foul Ball, location: 2F 3-2: Foul Ball, location: 2F 3-2: Ground out U3 (Groundball, 3, EV 110.0 MPH)
|
Batting: RHB Tsutomu Irie
|
0-0: Ball 1-0: Ground out 6-3 (Groundball, 6, EV 106.2 MPH)
|
Top of the 3rd over - 0 runs, 0 hits, 0 errors, 0 left on base; Los Angeles 0 - California 1 |
BOTTOM OF THE 3RD |
California Angels batting - Pitching for Los Angeles Dodgers : RHP Adrian Serratos
|
Batting: LHB Javier Trujillo
|
0-0: Called Strike 0-1: Ball 1-1: Ball 2-1: Foul Ball, location: 2F 2-2: Ground out 4-3 (Groundball, 4, EV 93.1 MPH)
|
Batting: RHB Alain Delhaye
|
0-0: Ball 1-0: Called Strike 1-1: Ball 2-1: Ball 3-1: Base on Balls
|
Batting: LHB Josh Cook
|
0-0: Ball Pickoff Throw to First - Out! 1-3 1-0: Called Strike 1-1: Foul Ball, location: 2F 1-2: Ball 2-2: Ball 3-2: Foul Ball, location: 2F 3-2: Base on Balls
|
Batting: RHB Preston Deakyne
|
0-0: Ball 1-0: Ball 2-0: Ball 3-0: Base on Balls Josh Cook to second
|
Batting: RHB Dietmar Warmisch
|
0-0: Ball 1-0: Ball 2-0: Fielders Choice at 2nd, 6-4 (Groundball, 6, EV 99.4 MPH)
|
Bottom of the 3rd over - 0 runs, 0 hits, 0 errors, 2 left on base; Los Angeles 0 - California 1 |
TOP OF THE 4TH |
Los Angeles Dodgers batting - Pitching for California Angels : RHP Franz Holzknecht
|
Batting: LHB Bob Branham
|
0-0: Ball 1-0: Ball 2-0: Swinging Strike 2-1: Ground out 3-1 (Groundball, 34S, EV 65.6 MPH)
|
Batting: RHB Clay Buchanan
|
0-0: Ball 1-0: SINGLE (Groundball, 25, EV 61.9 MPH) (infield hit)
|
Batting: LHB Ryan Taylor
|
0-0: Ball Clay Buchanan steals 2nd base 1-0: Swinging Strike 1-1: Ball 2-1: Foul Ball, location: 2F 2-2: SINGLE (Groundball, 4MD, EV 97.5 MPH) Clay Buchanan to third Runner from 3rd tries for Home, SAFE, throw by CF to home Ryan Taylor to second
|
Batting: RHB Ben Mischnick
|
0-0: Ground out 6-3 (Groundball, 6MD, EV 83.1 MPH) Ryan Taylor to third
|
Batting: LHB Dalton Silveira
|
0-0: Ball 1-0: Swinging Strike 1-1: Foul Ball, location: 2F 1-2: DOUBLE (Line Drive, 9LS, EV 97.5 MPH) Ryan Taylor scores
|
Batting: RHB Edwin Soto
|
0-0: Ball 1-0: Ground out 6-3 (Groundball, 6, EV 83.1 MPH)
|
Top of the 4th over - 2 runs, 3 hits, 0 errors, 1 left on base; Los Angeles 2 - California 1 |
BOTTOM OF THE 4TH |
California Angels batting - Pitching for Los Angeles Dodgers : RHP Adrian Serratos
|
Batting: SHB Aldo Questi
|
0-0: Called Strike 0-1: Ball 1-1: Ball 2-1: Ball 3-1: Called Strike 3-2: SINGLE (Line Drive, 78M, EV 86.9 MPH)
|
Batting: LHB Jack Bell
|
0-0: Ball 1-0: Ball 2-0: Foul Ball, location: 2F 2-1: Grounds into double play, 4-6-3 (Groundball, 4, EV 100.6 MPH)
|
Batting: RHB Nick Dunn
|
0-0: Fly out, F7 (Flyball, 78M, EV 95.0 MPH)
|
Bottom of the 4th over - 0 runs, 1 hit, 0 errors, 0 left on base; Los Angeles 2 - California 1 |
TOP OF THE 5TH |
Los Angeles Dodgers batting - Pitching for California Angels : RHP Franz Holzknecht
|
Batting: RHB Isaiah Yarbrough
|
0-0: Swinging Strike 0-1: Swinging Strike 0-2: Foul Ball, location: 2F 0-2: Foul Ball, location: 2F 0-2: Foul Ball, location: 2F 0-2: Ball 1-2: Ball 2-2: Ground out 4-3 (Groundball, 4, EV 86.2 MPH)
|
Batting: LHB Chris Ringwood
|
0-0: Ball 1-0: Swinging Strike 1-1: Ball 2-1: SINGLE (Groundball, 4D, EV 97.5 MPH)
|
Batting: RHB Tsutomu Irie
|
0-0: Called Strike 0-1: Swinging Strike 0-2: Ball 1-2: Fly out, F8 (Flyball, 8LM, EV 76.2 MPH)
|
Batting: LHB Bob Branham
|
0-0: Ball 1-0: Called Strike 1-1: Ball 2-1: SINGLE (Groundball, 34D, EV 110.0 MPH) Chris Ringwood to second Runner from 2nd tries for 3rd, SAFE, throw by RF made to third
|
Batting: RHB Clay Buchanan
|
0-0: Ball 1-0: Called Strike 1-1: Ball 2-1: Ball 3-1: Fielders Choice at 2nd, 6-4 (Groundball, 6, EV 106.9 MPH)
|
Top of the 5th over - 0 runs, 2 hits, 0 errors, 2 left on base; Los Angeles 2 - California 1 |
BOTTOM OF THE 5TH |
California Angels batting - Pitching for Los Angeles Dodgers : RHP Adrian Serratos
|
Batting: RHB Danny Odom
|
0-0: Ground out 1-3 (Groundball, 23, EV 68.1 MPH)
|
Batting: LHB Javier Trujillo
|
0-0: Called Strike 0-1: Ball 1-1: Foul Ball, location: 2F 1-2: Foul Ball, location: 2F 1-2: Foul Ball, location: 2F 1-2: Ball 2-2: Ball 3-2: Base on Balls
|
Batting: RHB Alain Delhaye
|
0-0: Called Strike Javier Trujillo steals 2nd, throwing error, E2 Javier Trujillo to third 0-1: SINGLE (Line Drive, 8RS, EV 88.8 MPH) Javier Trujillo scores
|
Batting: LHB Josh Cook
|
0-0: Ball 1-0: Foul Ball, location: 2F 1-1: Fly out, F4 (Flyball, 4D, EV 92.5 MPH)
|
Batting: RHB Preston Deakyne
|
0-0: Foul Ball, location: 2F 0-1: Ball 1-1: Ball 2-1: Foul Ball, location: 2F 2-2: Ground out 6-3 (Groundball, P, EV 85.6 MPH)
|
Bottom of the 5th over - 1 run, 1 hit, 1 error, 1 left on base; Los Angeles 2 - California 2 |
TOP OF THE 6TH |
Los Angeles Dodgers batting - Pitching for California Angels : RHP Franz Holzknecht
|
Pitching: RHP Joe Beam
|
|
Batting: LHB Ryan Taylor
|
0-0: Ball 1-0: Called Strike 1-1: Swinging Strike 1-2: Strikes out looking
|
Batting: RHB Ben Mischnick
|
0-0: Ball 1-0: Ball 2-0: Fly out, F8 (Line Drive, 8LD, EV 95.0 MPH)
|
Batting: LHB Dalton Silveira
|
0-0: Ball 1-0: Ball 2-0: Ball 3-0: Base on Balls
|
Batting: RHB Edwin Soto
|
0-0: Ball 1-0: SINGLE (Groundball, 25, EV 70.6 MPH) (infield hit) Dalton Silveira to second
|
Batting: RHB Isaiah Yarbrough
|
0-0: Ball 1-0: Ball 2-0: Called Strike 2-1: Ball 3-1: Base on Balls Dalton Silveira to third Edwin Soto to second
|
Batting: LHB Chris Ringwood
|
0-0: Ball 1-0: Fly out, F7 (Flyball, 7, EV 88.8 MPH)
|
Top of the 6th over - 0 runs, 1 hit, 0 errors, 3 left on base; Los Angeles 2 - California 2 |
BOTTOM OF THE 6TH |
California Angels batting - Pitching for Los Angeles Dodgers : RHP Adrian Serratos
|
Batting: RHB Dietmar Warmisch
|
0-0: Called Strike 0-1: Ball 1-1: Ball 2-1: Foul Ball, location: 2F 2-2: Ground out 4-3 (Groundball, 4, EV 84.4 MPH)
|
Batting: SHB Aldo Questi
|
0-0: Foul Ball, location: 2F 0-1: Fly out, F8 (Flyball, 78D, EV 105.6 MPH)
|
Batting: LHB Jack Bell
|
0-0: Ball 1-0: Ball 2-0: Ball 3-0: SINGLE (Groundball, 25, EV 70.6 MPH) (infield hit)
|
Batting: RHB Nick Dunn
|
0-0: Called Strike Jack Bell steals 2nd base 0-1: Ball 1-1: Swinging Strike 1-2: Fly out, F4 (Popup, 34D, EV 48.1 MPH)
|
Bottom of the 6th over - 0 runs, 1 hit, 0 errors, 1 left on base; Los Angeles 2 - California 2 |
TOP OF THE 7TH |
Los Angeles Dodgers batting - Pitching for California Angels : RHP Joe Beam
|
Pitching: RHP Jakub Kvacek
|
|
Batting: RHB Tsutomu Irie
|
0-0: Called Strike 0-1: Foul Ball, location: 2F 0-2: Strikes out swinging
|
Batting: LHB Bob Branham
|
0-0: Ball 1-0: Ball 2-0: Ground out 4-3 (Groundball, 4, EV 78.8 MPH)
|
Batting: RHB Clay Buchanan
|
0-0: Called Strike 0-1: SINGLE (Flyball, 5D, EV 89.4 MPH)
|
Batting: LHB Ryan Taylor
|
0-0: Ball 1-0: Called Strike 1-1: Ball Clay Buchanan steals 2nd base 2-1: Called Strike 2-2: Ball 3-2: Fly out, F9 (Flyball, 89D, EV 88.1 MPH)
|
Top of the 7th over - 0 runs, 1 hit, 0 errors, 1 left on base; Los Angeles 2 - California 2 |
BOTTOM OF THE 7TH |
California Angels batting - Pitching for Los Angeles Dodgers : RHP Adrian Serratos
|
Pitching: LHP Josh Ramirez
|
|
Batting: RHB Danny Odom
|
0-0: Ball 1-0: Ball 2-0: Ball 3-0: Called Strike 3-1: Base on Balls
|
Pinch Hitting: RHB Curt Earnest
|
0-0: Bunted foul 0-1: Bunted foul 0-2: SINGLE (Flyball, 34D, EV 88.8 MPH) Danny Odom to second
|
Batting: RHB Alain Delhaye
|
0-0: Ball 1-0: Ball 2-0: Sac Bunt to 25 - play at first, batter OUT! 5-4 Danny Odom to third Curt Earnest to second
|
Pinch Hitting: RHB Gael Jones
|
0-0: Ball 1-0: Ball 2-0: Swinging Strike 2-1: Called Strike 2-2: Foul Ball, location: 2F 2-2: Strikes out looking
|
Batting: RHB Preston Deakyne
|
0-0: Called Strike 0-1: Ball 1-1: Fly out, F5 (Popup, 5SF, EV 76.2 MPH)
|
Bottom of the 7th over - 0 runs, 1 hit, 0 errors, 2 left on base; Los Angeles 2 - California 2 |
TOP OF THE 8TH |
Los Angeles Dodgers batting - Pitching for California Angels : RHP Jakub Kvacek
|
Now at 2B: Curt Earnest
|
|
Now at SS: Nick Dunn
|
|
Now in RF: Steve Roepke
|
|
Batting: RHB Ben Mischnick
|
0-0: Ball 1-0: Ball 2-0: Called Strike 2-1: Fly out, F8 (Flyball, 8RXD, EV 104.4 MPH)
|
Batting: LHB Dalton Silveira
|
0-0: Called Strike 0-1: Called Strike 0-2: Ground out 4-3 (Groundball, 4M, EV 88.1 MPH)
|
Batting: RHB Edwin Soto
|
0-0: Swinging Strike 0-1: Swinging Strike 0-2: Strikes out swinging
|
Top of the 8th over - 0 runs, 0 hits, 0 errors, 0 left on base; Los Angeles 2 - California 2 |
BOTTOM OF THE 8TH |
California Angels batting - Pitching for Los Angeles Dodgers : LHP Josh Ramirez
|
Batting: RHB Dietmar Warmisch
|
0-0: Called Strike 0-1: Ball 1-1: Ball 2-1: Swinging Strike 2-2: Ball 3-2: Foul Ball, location: 2F 3-2: Base on Balls
|
Batting: SHB Aldo Questi
|
0-0: Ball 1-0: Called Strike 1-1: SINGLE (Line Drive, 34, EV 96.2 MPH) Dietmar Warmisch to second
|
Batting: LHB Jack Bell
|
0-0: Fly out, F7 (Flyball, 78XD, EV 99.4 MPH) Runner from 2nd tags up, SAFE at 3rd, no throw by LF
|
Batting: RHB Nick Dunn
|
0-0: Ball 1-0: Foul Ball, location: 2F 1-1: Swinging Strike 1-2: Strikes out swinging
|
Batting: RHB Danny Odom
|
0-0: Ball 1-0: Swinging Strike 1-1: Ball 2-1: Ball 3-1: Base on Balls Aldo Questi to second
|
Pitching: LHP Gabe Reyes
|
|
Batting: RHB Curt Earnest
|
0-0: Ball 1-0: Ball 2-0: Called Strike 2-1: Foul Ball, location: 2F 2-2: Ball 3-2: Base on Balls Dietmar Warmisch scores Aldo Questi to third Danny Odom to second
|
Batting: RHB Alain Delhaye
|
0-0: Swinging Strike 0-1: Foul Ball, location: 2F 0-2: Strikes out swinging
|
Bottom of the 8th over - 1 run, 1 hit, 0 errors, 3 left on base; Los Angeles 2 - California 3 |
TOP OF THE 9TH |
Los Angeles Dodgers batting - Pitching for California Angels : RHP Jakub Kvacek
|
Pitching: RHP Ryan Terlizzi
|
|
Batting: RHB Isaiah Yarbrough
|
0-0: Ball 1-0: Ball 2-0: Called Strike 2-1: Foul Ball, location: 2F 2-2: Ball 3-2: Base on Balls
|
Batting: LHB Chris Ringwood
|
0-0: Swinging Strike 0-1: Ball 1-1: Ball 2-1: Bunt missed! 2-2: Strikes out swinging
|
Batting: RHB Tsutomu Irie
|
0-0: Foul Ball, location: 2F 0-1: Ball 1-1: SINGLE (Groundball, 6MD, EV 99.4 MPH) Isaiah Yarbrough to second Runner from 2nd tries for 3rd, SAFE, throw by CF made to third Tsutomu Irie to second
|
Batting: LHB Bob Branham
|
0-0: Swinging Strike 0-1: Ground out 4-3 (Groundball, 34, EV 83.1 MPH)
|
Batting: RHB Clay Buchanan
|
0-0: Ball 1-0: Ball 2-0: Ball 3-0: Called Strike 3-1: Called Strike 3-2: Base on Balls
|
Batting: LHB Ryan Taylor
|
0-0: Ball 1-0: Foul Ball, location: 2F 1-1: Ball 2-1: Swinging Strike 2-2: Strikes out swinging
|
Top of the 9th over - 0 runs, 1 hit, 0 errors, 3 left on base; Los Angeles 2 - California 3 |
|